 Dungeon Crawl Stone Soup version 0.31-a0-167-g1c394c0614 (webtiles) character file.

Game seed: 14420534357470696098

140 qw the Shooter (level 5, -3/32 HPs)
             Began as a Gargoyle Hunter on June 14, 2023.
             Slain by a killer bee (7 damage)
             ... on level 4 of the Dungeon.
             The game lasted 00:00:46 (2147 turns).

qw the Shooter (Gargoyle Hunter)                    Turns: 2147, Time: 00:00:47

Health: -3/32      AC:  9    Str: 14    XL:     5   Next: 23%
Magic:  5/5        EV: 10    Int: 10    God:
Gold:   181        SH:  0    Dex: 15    Spells: 4/4 levels left

rFire   . . .        Y - +1 shortbow
rCold   . . .        (shield currently unavailable)
rNeg    + . .        e - +0 ring mail
rPois   inf          (no helmet)
rElec   +            (no cloak)
rCorr   .            (no gloves)
SInv    .            (no boots)
Will    .....        (no amulet)
Stlth   +            (no ring)
HPRegen 0.25/turn    (no ring)
MPRegen 0.09/turn

%: no passive effects
@: no status effects
A: sickness immunity, AC +4, negative energy resistance 1, electricity
resistance, torment resistance 1, petrification resistance
a: no special abilities


You were on level 4 of the Dungeon.
You visited 1 branch of the dungeon, and saw 4 of its levels.

You collected 181 gold pieces.


Innate Abilities, Weirdness & Mutations

You are immune to sickness and miasma.
Your stone body is resilient. (AC +4)
You are immune to poison.
You resist negative energy. (rN+)
You are resistant to electric shocks. (rElec)
You are resistant to unholy torment.
You are immune to petrification.


   Skills:
 - Level 3.0 Fighting
 + Level 5.9 Ranged Weapons
 - Level 1.0 Armour
 - Level 1.5 Dodging
 - Level 1.1 Stealth


You had 4 spell levels left.
You didn't know any spells.
Your spell library was empty.

Inventory:

Hand Weapons
 Y - a +1 shortbow (weapon)
Armour
 e - a +0 ring mail (worn)
Scrolls
 a - a scroll of identify
Potions
 c - a potion of curing {unknown}
 f - a potion of heal wounds {unknown}
 g - a potion of ambrosia {unknown}
 i - a potion of resistance {unknown}

Dungeon Overview and Level Annotations

Branches:
Dungeon (4/15)
 Temple: D:4-7

Altars:
Vehumet


Message History

The killer bee is lightly wounded.
A killer bee comes into view.
You shoot an arrow. The arrow hits the killer bee.
The killer bee is lightly wounded.
The killer bee barely misses you.
You shoot an arrow. The arrow hits the killer bee!
The killer bee is severely wounded.
The killer bee stings you. The killer bee misses you.
The killer bee closely misses you.
You shoot an arrow. The arrow barely misses the killer bee.
The killer bee stings you but does no damage.
The killer bee barely misses you. The killer bee closely misses you.
The killer bee stings you.
You shoot an arrow.
The arrow closely misses the killer bee.
The killer bee stings you.
The killer bee stings you but does no damage.
The killer bee stings you. The killer bee stings you!
The killer bee stings you but does no damage.
The killer bee barely misses you.
You shoot an arrow. The arrow hits the killer bee.
The killer bee is severely wounded.
The killer bee misses you. The killer bee closely misses you. x2
The killer bee barely misses you. The killer bee stings you.
The killer bee misses you. The killer bee closely misses you.
The killer bee stings you but does no damage.
The killer bee stings you.
You shoot an arrow. The arrow misses the killer bee.
The killer bee misses you. The killer bee barely misses you.
The killer bee closely misses you. The killer bee barely misses you.
The killer bee completely misses you. The killer bee barely misses you.
You shoot an arrow.
The arrow hits the killer bee but does no damage.
The killer bee is severely wounded.
The killer bee stings you.
The killer bee stings you but does no damage.
The killer bee barely misses you. x3
The killer bee stings you but does no damage. x2
The killer bee misses you. The killer bee stings you!
You die...

.###.....
#........
###.......#
#.[........
#..........
######..........
#.......yy..##
#.......@y...#
#............#
#######......#
#......#
#......#
###....<.#
#........#
#....#####
#....#


You could see 3 killer bees.

Vanquished Creatures
  A scorpion (D:4)
  An adder (D:3)
  A worm (D:3)
  2 dart slugs
  3 orcs (D:3)
  4 ball pythons
  5 endoplasms
  2 giant cockroaches
  5 goblins
  4 hobgoblins
  12 jackals
  3 kobolds
  2 quokkas (D:3)
  5 bats (D:2)
  2 frilled lizards (D:2)
  2 rats (D:2)
54 creatures vanquished.

Notes
Turn   | Place    | Note
-------+----------+-------------------------------------------
     0 | D:1      | qw the Gargoyle Hunter began the quest for the Orb.
     0 | D:1      | Reached XP level 1. HP: 12/12 MP: 1/1
     0 | D:1      | 0 ||| qw: Version: 0.2-a-29-g1fa15c8
     0 | D:1      | 0 ||| qw: Game counter: 5085
     0 | D:1      | 0 ||| qw: Always use a shield: true
     0 | D:1      | 0 ||| qw: God list: Okawaru
     0 | D:1      | 0 ||| qw: Allow faded altars: false
     0 | D:1      | 0 ||| qw: Do Orc after D:15 true
     0 | D:1      | 0 ||| qw: Do second Lair branch before Depths: true
     0 | D:1      | 0 ||| qw: Lair rune preference: random
     0 | D:1      | 0 ||| qw: Plans: Normal, Zot:1-4, Slime:5, God:TSO, Crypt,
                  | Tomb, Abyss, Pan, Hells, Win
     0 | D:1      | 0 ||| PLANNING D:1-11
    27 | D:1      | HP: 3/12 [hobgoblin (2)]
   342 | D:1      | Reached XP level 2. HP: 17/17 MP: 2/2
   849 | D:1      | 849 ||| UPGRADING to +0 ring mail.
   859 | D:1      | 859 ||| DROPPING +0 leather armour.
   860 | D:1      | 860 ||| READING scroll labelled MISIGU KEKAGE.
   861 | D:1      | 861 ||| READING scroll labelled OPHEXK IPUY.
   862 | D:1      | 862 ||| READING scroll labelled LAUNUR VENTOE.
   863 | D:1      | 863 ||| READING scroll labelled YFFIFR CEDOWIAJUL.
   864 | D:1      | 864 ||| READING scroll labelled PUYX PUTWADUCS.
   865 | D:1      | 865 ||| READING scroll labelled BONTYO RACI.
   866 | D:1      | 866 ||| DROPPING scroll of butterflies.
   910 | D:2      | Reached XP level 3. HP: 21/21 MP: 3/3
   911 | D:2      | You fall into a shaft and drop 1 floor!
   911 | D:3      | Found a radiant altar of Vehumet.
   992 | D:3      | Found a faded altar of an unknown god.
  1047 | D:3      | HP: 2/21 [quokka (4)]
  1049 | D:3      | Reached skill level 1 in Armour
  1183 | D:3      | Reached skill level 5 in Ranged Weapons
  1407 | D:2      | Reached XP level 4. HP: 27/27 MP: 4/4
  1471 | D:2      | Reached skill level 3 in Fighting
  1547 | D:2      | 1547 ||| READING scroll labelled BOOVAMATHRO.
  2085 | D:3      | 2085 ||| READING scroll labelled FOTU HILUFFE.
  2086 | D:3      | 2086 ||| READING 2 scrolls of identify.
  2086 | D:3      | 2086 ||| IDENTIFYING murky yellow potion
  2087 | D:3      | 2087 ||| DROPPING potion of brilliance.
  2121 | D:4      | Noticed a scorpion
  2130 | D:4      | Killed a scorpion
  2131 | D:4      | Reached XP level 5. HP: 30/32 MP: 5/5
  2145 | D:4      | HP: 7/32 [killer bee (5)]
  2147 | D:4      | Slain by a killer bee

Levels and vault maps discovered:
D:1:      amcnicky_arrival_single_pillar, layout_loops_corners, minivault_27
D:2:      layout_rooms, minmay_misc_feat_nine_boxes, nicolae_titane
D:3:      layout_loops_ring, mainiacjoe_overflow_boulevard,
          hellmonk_ecumenical_altar_slurped_away, minmay_close_crescents
D:4:      layout_basic, grunt_decor_arrowhead, uniq_sigmund, uniq_menkaure,
          uniq_grinder, uniq_edmund

Skill      XL: |  1  2  3  4 |
---------------+-------------+-----
Armour         | 1 |  1.0
Ranged Weapons | 5 |  5.9
Fighting       | 3 |  3.0
Dodging        | |  1.5
Stealth        | |  1.1

Action                     |  1- 3 |  4- 6 || total
---------------------------+-------+-------++-------
   Fire: Shortbow          |   119 |    54 ||   173
    Use: Scroll            |     6 |     3 ||     9
 Armour: Leather armour    |    13 |       ||    13
         Ring mail         |    13 |    15 ||    28
  Dodge: Dodged            |    25 |    35 ||    60

Table legend:
 A = Non-vault XP
 B = Vault XP
 C = Vault XP percentage of total XP
 D = Non-vault monster count
 E = Vault monster count
 F = Vault count percentage of total count
                 A         B        C        D         E       F
            +---------+---------+-------+---------+---------+-------
      Total |     192 |       9 |   4.5 |      51 |       3 |   5.6
            +---------+---------+-------+---------+---------+-------
        D:1 |      33 |       0 |   0.0 |      16 |       0 |   0.0
        D:2 |      29 |       0 |   0.0 |      17 |       0 |   0.0
        D:3 |      47 |       9 |  16.1 |      17 |       3 |  15.0
        D:4 |      83 |       0 |   0.0 |       1 |       0 |   0.0
            +---------+---------+-------+---------+---------+-------
